 Dungeon Crawl Stone Soup version 0.31-a0-233-g139696dc86 (webtiles) character file.

Game seed: 11593084316471439159

2485 qw the Skirmisher (level 9, -4/56 HPs)
             Began as a Gargoyle Hexslinger on July 9, 2023.
             Engulfed by a cloud of steam (9 damage)
             ... on level 6 of the Dungeon.
             The game lasted 00:02:26 (5203 turns).

qw the Skirmisher (Gargoyle Hexslinger)             Turns: 5203, Time: 00:02:27

Health: -4/56      AC: 17    Str: 11    XL:     9   Next: 52%
Magic:  0/10       EV: 11    Int: 15    God:
Gold:   364        SH:  0    Dex: 16    Spells: 9/10 levels left

rFire   . . .        Y - +3 longbow
rCold   . . .        (shield currently unavailable)
rNeg    + . .        h - +0 ring mail
rPois   inf          d - +0 helmet
rElec   +            r - +0 cloak
rCorr   .            i - +0 pair of gloves
SInv    .            k - +0 pair of boots
Will    .....        q - amulet of guardian spirit
Stlth   +            (no ring)
HPRegen 0.29/turn    (no ring)
MPRegen 0.12/turn

%: guardian spirit
@: about to teleport
A: sickness immunity, AC +6, negative energy resistance 1, electricity
resistance, torment resistance 1, petrification resistance
a: no special abilities


You were on level 6 of the Dungeon.
You visited 2 branches of the dungeon, and saw 7 of its levels.
You also visited: Ossuary.

You collected 435 gold pieces.
You spent 71 gold pieces at shops.


Innate Abilities, Weirdness & Mutations

You are immune to sickness and miasma.
Your stone body is resilient. (AC +6)
You are immune to poison.
You resist negative energy. (rN+)
You are resistant to electric shocks. (rElec)
You are resistant to unholy torment.
You are immune to petrification.


   Skills:
 + Level 6.5 Fighting
 - Level 10.1 Ranged Weapons
 - Level 4.7 Armour
 - Level 2.1 Dodging
 - Level 1.0 Spellcasting
 - Level 2.6 Hexes


You had 9 spell levels left.
You knew the following spells:

 Your Spells              Type           Power      Damage    Failure   Level
a - Slow                  Hex            32%        N/A       19%         1

Your spell library contained the following spells:

 Spells                   Type           Power      Damage    Failure   Level
 Inner Flame              Hex/Fire       4%         N/A       67%         3
 Portal Projectile        Hex/Tloc       8%         N/A       67%         3
 Cause Fear               Hex            4%         N/A       87%         4

Inventory:

Hand Weapons
 Y - a +3 longbow (weapon)
Armour
 d - a +0 helmet (worn)
 h - a +0 ring mail (worn)
 i - a +0 pair of gloves (worn)
 j - +0 steam dragon scales
 k - a +0 pair of boots (worn)
 r - a +0 cloak (worn)
Jewellery
 q - an amulet of guardian spirit (around neck)
Scrolls
 a - 5 scrolls of teleportation
 c - a scroll of identify
Potions
 e - a potion of enlightenment
 f - 3 potions of might
 g - a potion of haste
 l - 2 potions of curing
 m - a potion of mutation {unknown}
 n - a potion of berserk rage {unknown}
 o - a potion of resistance {unknown}
 p - a potion of cancellation
 t - a potion of degeneration {unknown}
 w - a potion of lignification {unknown}

Dungeon Overview and Level Annotations

Branches:
Dungeon (6/15)             Temple (1/1) D:6         Ossuary (visited)

Altars:
Cheibriados
Elyvilon
Fedhas
Gozag
Hepliaklqana
Kikubaaqudgha
Makhleb
Nemelex Xobeh
Trog
Vehumet
Wu Jian
Xom
Yredelemnul
Zin
The Shining One

Shops:
D:2 (   D:4 (

Annotations:
D:3 3 runed translucent doors, qw's ghost, amateur GrHs; qw's ghost, amateur MiHs
D:4 3 runed translucent doors, qw's ghost, amateur GrHs
D:5 1 runed translucent door, Crazy Yiuf


Message History

The steam dragon is severely wounded.
The steam dragon barely misses you.
The steam dragon claws you but does no damage.
You shoot an arrow.
The arrow closely misses the steam dragon.
The steam dragon misses you.
The steam dragon claws you but does no damage.
You shoot an arrow.
The arrow closely misses the steam dragon.
The steam dragon closely misses you.
The steam dragon claws you but does no damage.
The steam dragon misses you. The steam dragon barely misses you.
You shoot an arrow.
The arrow closely misses the steam dragon.
The steam dragon breathes steam at you. The ball of steam hits you!
You shoot an arrow.
The arrow closely misses the steam dragon.
You are engulfed in a cloud of scalding steam.
The steam dragon bites you. The steam dragon closely misses you.
5200 ||| READING 6 scrolls of teleportation.
As you read the scroll of teleportation, it crumbles to dust.
You feel strangely unstable.
You are engulfed in a cloud of scalding steam.
The steam dragon barely misses you. The steam dragon closely misses you.
5201 ||| DRINKING 2 potions of heal wounds.
You feel much better.
You are engulfed in a cloud of scalding steam.
The steam dragon breathes steam at you. The ball of steam hits you!!
5202 ||| DRINKING potion of heal wounds.
You feel much better.
You are engulfed in a cloud of scalding steam.
The steam dragon bites you.
The steam dragon claws you but does no damage.
You shoot an arrow. The arrow hits the steam dragon!
You kill the steam dragon!
The steam dragon scales are intact enough to wear.
You are engulfed in a cloud of scalding steam.
You die...

#.%..........###.
#.<%........##
#..)........#
..#......#..###
.#####.###.<..#
.## #.###.##.#
..# #.##..##.#
#.##
#.#..###.####
#..###...##
#.))@##
##..#...##
####[)##
###.....# ##..#
.###....# ##.# .#
#....# ... .#
#....###### ##.).
.####...(.....
.....
...##.####....
....
.#..#.#######.
....


There were no monsters in sight!

Vanquished Creatures
  Maggie (D:6)
  A troll (D:6)
  A steam dragon (D:6)
  2 water moccasins
  2 black bears
  An ogre (D:4)
  4 centaurs
  A kobold brigand (D:6)
  5 scorpions
  A wight (Ossuary)
  A water moccasin zombie (Ossuary)
  2 centaur zombies (Ossuary)
  4 jellies (D:5)
  A hound (D:4)
  2 sleepcaps
  3 iguanas
  5 scorpion zombies (Ossuary)
  2 orc wizards
  4 adders
  A shadow imp (D:6)
  2 white imps (D:5)
  An ufetubus (D:4)
  2 adder zombies (Ossuary)
  2 worms (D:2)
  3 dart slugs
  15 orcs
  9 endoplasms
  3 giant cockroaches
  13 goblins
  7 hobgoblins
  4 jackals (D:2)
  4 quokkas (D:2)
  9 bats
  5 frilled lizards
  6 gnoll zombies (Ossuary)
  2 goblin zombies (Ossuary)
  5 hobgoblin zombies (Ossuary)
  10 kobolds
  2 orc zombies (Ossuary)
  5 rats
153 creatures vanquished.

Notes
Turn   | Place    | Note
-------+----------+-------------------------------------------
     0 | D:1      | qw the Gargoyle Hexslinger began the quest for the Orb.
     0 | D:1      | Reached XP level 1. HP: 12/12 MP: 2/2
     0 | D:1      | 0 ||| qw: Version: 0.3-a-51-g015441d
     0 | D:1      | 0 ||| qw: Game counter: 3774
     0 | D:1      | 0 ||| qw: Melee chars always use a shield: true
     0 | D:1      | 0 ||| qw: God list: Okawaru
     0 | D:1      | 0 ||| qw: Allow faded altars: false
     0 | D:1      | 0 ||| qw: Do Orc after clearing Dungeon:15 true
     0 | D:1      | 0 ||| qw: Do second Lair branch before Depths: true
     0 | D:1      | 0 ||| qw: Lair rune preference: random
     0 | D:1      | 0 ||| qw: Goals: Normal
     0 | D:1      | 0 ||| PLANNING D:1-11
    46 | D:1      | 46 ||| FLEEEEING.
    47 | D:1      | 47 ||| FLEEEEING.
    48 | D:1      | 48 ||| FLEEEEING.
    49 | D:1      | 49 ||| FLEEEEING.
    50 | D:1      | 50 ||| FLEEEEING.
    51 | D:1      | 51 ||| FLEEEEING.
    52 | D:1      | 52 ||| FLEEEEING.
    54 | D:1      | 54 ||| FLEEEEING.
    55 | D:1      | 55 ||| FLEEEEING.
    87 | D:1      | Reached XP level 2. HP: 13/16 MP: 3/3
   208 | D:1      | Reached skill level 3 in Ranged Weapons
   413 | D:1      | Reached XP level 3. HP: 21/21 MP: 4/4
   651 | D:1      | 651 ||| UPGRADING to +0 ring mail.
   661 | D:1      | 661 ||| DROPPING +0 robe.
   662 | D:1      | 662 ||| UPGRADING to +0 pair of gloves.
   667 | D:1      | 667 ||| UPGRADING to +0 pair of boots.
   672 | D:1      | 672 ||| READING scroll labelled AVOTSA URAAJ.
   677 | D:1      | 677 ||| READING scroll labelled DEZXIS ILOR.
   678 | D:1      | 678 ||| READING scroll labelled NIKETZ INWI.
   679 | D:1      | 679 ||| DROPPING scroll of poison.
   700 | D:2      | Identified the +2 whip of Cruel Justice {flame, Dex+4}
   823 | D:2      | 823 ||| Stepping ~*~*~tactically~*~*~ (outnumbered).
   826 | D:2      | Reached skill level 1 in Armour
   858 | D:2      | Reached XP level 4. HP: 26/26 MP: 5/5
  1125 | D:2      | Reached skill level 4 in Ranged Weapons
  1197 | D:2      | Found Dougomm's Antique Weapon Shop.
  1348 | D:2      | 1348 ||| READING scroll labelled JEVIGHAFIG.
  1374 | D:3      | Found a runed translucent gate.
  1374 | D:3      | Found a runed translucent gate.
  1374 | D:3      | Found a runed translucent gate.
  1375 | D:3      | Noticed qw's ghost (amateur MiHs)
  1375 | D:3      | Noticed qw's ghost (amateur GrHs)
  1375 | D:3      | Noticed qw's ghost (amateur GrHs)
  1455 | D:3      | Reached XP level 5. HP: 12/30 MP: 6/6
  1707 | D:3      | Found a glowing silver altar of Zin.
  2034 | D:3      | 2034 ||| UPGRADING to +0 cloak.
  2039 | D:3      | 2039 ||| DROPPING amulet of magic regeneration.
  2040 | D:3      | 2040 ||| UPGRADING to amulet of guardian spirit.
  2045 | D:3      | 2045 ||| READING 2 scrolls labelled BIWOTE SAPYOF.
  2046 | D:3      | 2046 ||| READING scroll labelled SURAM ENUTHUON.
  2047 | D:3      | 2047 ||| DRINKING 2 amethyst potions.
  2048 | D:3      | 2048 ||| DRINKING 2 fuming grey potions.
  2049 | D:3      | 2049 ||| DROPPING scroll of fear.
  2065 | D:4      | 2065 ||| PLANNING OSSUARY
  2193 | D:4      | Reached skill level 5 in Ranged Weapons
  2254 | D:4      | Reached skill level 3 in Fighting
  2344 | D:4      | Found Asuozxe's Weapon Shop.
  2349 | D:4      | 2349 ||| BUYING +0 longbow (71 gold).
  2349 | D:4      | Bought a +0 longbow for 71 gold pieces
  2349 | D:4      | 2349 ||| SWAPPING to +0 longbow.
  2350 | D:4      | 2350 ||| DROPPING +1 sling.
  2387 | D:4      | Found a snail-covered altar of Cheibriados.
  2408 | D:4      | Noticed an ogre
  2411 | D:4      | Killed an ogre
  2412 | D:4      | Reached XP level 6. HP: 37/37 MP: 7/7
  2430 | D:4      | Found a sand-covered staircase.
  2431 | D:4      | 2431 ||| READING 3 scrolls of identify.
  2431 | D:4      | 2431 ||| IDENTIFYING red potion
  2432 | D:4      | 2432 ||| READING 2 scrolls of identify.
  2432 | D:4      | 2432 ||| IDENTIFYING bubbling blue potion
  2433 | D:4      | 2433 ||| DROPPING potion of magic.
  2434 | D:4      | 2434 ||| DROPPING potion of brilliance.
  2442 | Ossuary  | Entered an ossuary
  2538 | Ossuary  | Reached skill level 6 in Ranged Weapons
  2595 | Ossuary  | Reached XP level 7. HP: 21/41 MP: 4/8
  2756 | Ossuary  | Noticed a silent spectre
  2784 | Ossuary  | 2784 ||| DRINKING 2 fuming orange potions.
  2785 | Ossuary  | 2785 ||| DRINKING 2 coppery potions.
  2791 | D:4      | 2791 ||| PLANNING D:1-11
  2859 | D:4      | Found a runed translucent gate.
  2860 | D:4      | Found a runed translucent gate.
  2861 | D:4      | Found a runed translucent gate.
  2863 | D:4      | Found an opulent altar of Gozag.
  2865 | D:4      | Noticed qw's ghost (amateur GrHs)
  2927 | D:4      | Identified the +6 hand axe "Nippoxt" {holy, Dex+2 SInv}
  3244 | D:4      | Found a blossoming altar of Fedhas.
  3252 | D:4      | Reached skill level 7 in Ranged Weapons
  3311 | D:4      | 3311 ||| READING 2 scrolls labelled FAUM IWNORCHIMN.
  3312 | D:4      | 3312 ||| READING 3 scrolls labelled QOAGEBLOSSU.
  3313 | D:4      | 3313 ||| READING 2 scrolls of enchant weapon.
  3313 | D:4      | 3313 ||| ENCHANTING +1 longbow.
  3314 | D:4      | 3314 ||| READING scroll of enchant weapon.
  3314 | D:4      | 3314 ||| ENCHANTING +2 longbow.
  3315 | D:4      | 3315 ||| READING scroll labelled HIKIENGYNWI.
  3416 | D:4      | 3416 ||| READING scroll labelled ATOPRI MAEFFOD.
  3417 | D:4      | 3417 ||| READING 2 scrolls of identify.
  3417 | D:4      | 3417 ||| IDENTIFYING glowing golden potion
  3418 | D:4      | 3418 ||| DROPPING scroll of revelation.
  3434 | D:5      | Entered Level 5 of the Dungeon
  3486 | D:5      | Reached XP level 8. HP: 40/48 MP: 9/9
  3525 | D:5      | Reached skill level 8 in Ranged Weapons
  3949 | D:5      | Reached skill level 9 in Ranged Weapons
  4383 | D:5      | Reached skill level 3 in Armour
  4424 | D:5      | Found a runed translucent door.
  4425 | D:5      | Noticed Crazy Yiuf
  4686 | D:5      | 4686 ||| UPGRADING to +0 helmet.
  4691 | D:5      | 4691 ||| DRINKING 2 viscous silvery potions.
  4692 | D:5      | 4692 ||| READING 2 scrolls of identify.
  4692 | D:5      | 4692 ||| IDENTIFYING grey potion
  4693 | D:5      | 4693 ||| DROPPING potion of attraction.
  4727 | D:6      | Reached skill level 6 in Fighting
  4751 | D:6      | Reached XP level 9. HP: 51/55 MP: 8/10
  4823 | D:6      | Found a staircase to the Ecumenical Temple.
  4824 | D:6      | 4824 ||| PLANNING TEMPLE
  4838 | Temple   | Entered the Ecumenical Temple
  4879 | Temple   | 4879 ||| PLANNING D:1-11
  4895 | D:6      | Noticed Maggie
  4910 | D:6      | Killed Maggie
  4918 | D:6      | Reached skill level 10 in Ranged Weapons
  5064 | D:6      | Noticed a troll
  5066 | D:6      | 5066 ||| Stepping ~*~*~tactically~*~*~ (outnumbered).
  5076 | D:6      | Killed a troll
  5184 | D:6      | 5184 ||| Stepping ~*~*~tactically~*~*~ (outnumbered).
  5186 | D:6      | 5186 ||| Stepping ~*~*~tactically~*~*~ (cloud).
  5199 | D:6      | HP: 10/56 [steam dragon (5)]
  5200 | D:6      | 5200 ||| READING 6 scrolls of teleportation.
  5201 | D:6      | 5201 ||| DRINKING 2 potions of heal wounds.
  5201 | D:6      | HP: 3/56 [steam dragon/ball of steam (25)]
  5202 | D:6      | 5202 ||| DRINKING potion of heal wounds.
  5203 | D:6      | Engulfed by a cloud of steam

Levels and vault maps discovered:
D:1:      roderic_chinese_lattice_arrival, layout_basic,
          minmay_misc_feat_encased
D:2:      layout_basic, serial_shops, shop, minmay_joined_circles
D:3:      layout_rooms, zin_academy, gammafunk_ghost_cemetery, minmay_bisected
D:4:      layout_loops_cross, fedhas_altar_fruit_tree, lemuel_crystal_altar,
          chequers_ossuary_entry_cave, ebering_ghost_gozag, serial_shops, shop
D:5:      layout_layer_cave, uniq_crazy_yiuf_cottage
D:6:      layout_rooms, nicolae_gozag_cash_rules_everything_around_me,
          minmay_temple_entry_sparse_star, uniq_maggie
Temple:   nicolae_temple_ecumenical_triangle

Skill      XL: |  1  2  3  4  5  6  7  8  9 |
---------------+----------------------------+-----
Ranged Weapons | 3 4 5 6 7 9 10 | 10.1
Fighting       | 2 3 4 6 |  6.5
Armour         | 1 2 3 4 |  4.7
Dodging        | 2 |  2.1
Spellcasting   | |  1.0
Hexes          | |  2.6

Action                     |  1- 3 |  4- 6 |  7- 9 || total
---------------------------+-------+-------+-------++-------
   Fire: Sling             |   102 |   189 |       ||   291
         Longbow           |       |    76 |   213 ||   289
    Use: Scroll            |     3 |     5 |     9 ||    17
         Potion            |       |     2 |     5 ||     7
 Armour: Robe              |     8 |       |       ||     8
         Ring mail         |    22 |   141 |   132 ||   295
  Dodge: Dodged            |    33 |   126 |   119 ||   278

Table legend:
 A = Non-vault XP
 B = Vault XP
 C = Vault XP percentage of total XP
 D = Non-vault monster count
 E = Vault monster count
 F = Vault count percentage of total count
                 A         B        C        D         E       F
            +---------+---------+-------+---------+---------+-------
      Total |    2827 |     913 |  24.4 |     107 |      46 |  30.1
            +---------+---------+-------+---------+---------+-------
        D:1 |      38 |       0 |   0.0 |      24 |       0 |   0.0
        D:2 |      47 |      39 |  45.3 |      24 |      15 |  38.5
        D:3 |      81 |       9 |  10.0 |      11 |       4 |  26.7
        D:4 |     315 |       0 |   0.0 |      14 |       0 |   0.0
        D:5 |    1000 |       0 |   0.0 |      20 |       0 |   0.0
        D:6 |    1346 |     398 |  22.8 |      14 |       1 |   6.7
    Ossuary |       0 |     467 | 100.0 |       0 |      26 | 100.0
            +---------+---------+-------+---------+---------+-------
